 Dungeon Crawl Stone Soup version 0.20-a0-681-gf83e07f (webtiles) character file.

1478 kae the Cleaver (level 8, -3/73 HPs)
             Began as a Minotaur Fighter on Feb 18, 2017.
             Slain by an orc warrior
             ... wielding a +0 battleaxe of freezing
              (11 damage)
             ... on level 7 of the Dungeon.
             The game lasted 00:05:54 (6159 turns).

kae the Cleaver (Minotaur Fighter)                  Turns: 6159, Time: 00:05:54

Health: -3/73      AC: 17    Str: 23    XL:     8   Next: 50%
Magic:  7/7        EV:  4    Int:  5    God:
Gold:   203        SH:  9    Dex:  7    Spells: 7/7 levels left

rFire    + . .     SeeInvis .   a - +1 war axe
rCold    . . .     Gourm    .   m - +0 plate armour of Roum Rimy {rF+ MR+ Dex-3} (curse)
rNeg     . . .     Faith    .   c - +0 shield
rPois    .         Spirit   .   (helmet restricted)
rElec    .         Reflect  .   H - +1 cloak
rCorr    .         Harm     .   (no gloves)
MR       ++...                  p - +1 pair of boots
Stlth    ..........             (no amulet)
Regen    0.3/turn               q - ring of protection from magic
MPRegen  0.1/turn               A - ring of flight

@: drained
A: retaliatory headbutt, horns 2
a: Evoke Flight


You were on level 7 of the Dungeon.
You were hungry.

You visited 1 branch of the dungeon, and saw 7 of its levels.
You also visited: Ossuary.

You collected 203 gold pieces.

Inventory:

Hand Weapons
 a - a +1 war axe (weapon)
 x - a +4 long sword
Armour
 b - a +0 scale mail
 c - a +0 shield (worn)
 m - the cursed +0 plate armour of Roum Rimy (worn) {rF+ MR+ Dex-3}
   (You took it off an orc warrior on level 6 of the Dungeon)

   It affects your dexterity (-3).
   It protects you from fire.
   It affects your resistance to hostile enchantments.
   It has a curse placed upon it.
 p - a +1 pair of boots (worn)
 H - a +1 cloak (worn)
Jewellery
 q - a ring of protection from magic (right hand)
 s - an uncursed ring of fire
 w - an uncursed ring of wizardry
 A - a ring of flight (left hand)
 J - an uncursed amulet of magic regeneration {unknown}
Scrolls
 h - a scroll of remove curse
 k - 4 scrolls of amnesia
 n - a scroll of random uselessness
 v - 2 scrolls of enchant weapon
 y - 5 scrolls of teleportation
 B - 2 scrolls of identify
 I - a scroll of enchant armour
Potions
 d - a potion of lignification
 e - a potion of cancellation {unknown}
 g - 2 potions of mutation {unknown}
 i - a potion of curing
 j - 2 potions of flight
 l - 5 potions of brilliance
 o - a potion of resistance {unknown}
 u - a potion of heal wounds
 z - 4 potions of haste
 C - a potion of degeneration {unknown}
 D - a potion of might
Books
 t - a book of the Dragon

   Spells                             Type                      Level
   a - Flame Tongue                   Conjuration/Fire             1
   b - Cause Fear                     Hexes                        4
   c - Bolt of Fire                   Conjuration/Fire             6
   d - Dragon Form                    Transmutation                7
   e - Dragon's Call                  Summoning                    9
Comestibles
 f - 6 bread rations
 r - a meat ration
 E - a royal jelly


   Skills:
 + Level 7.3(6.8) Fighting
 * Level 9.3(8.8) Axes
 + Level 7.3(6.8) Armour
 - Level 3.6(3.1) Shields


You had 7 spell levels left.
You didn't know any spells.

Dungeon Overview and Level Annotations

Branches:
Dungeon (7/15)
 Temple: D:4-7

Altars:


Innate Abilities, Weirdness & Mutations

You reflexively headbutt those who attack you in melee.
You have a pair of horns on your head.


Message History

You block the orc's attack.
You completely miss the orc warrior.
You headbutt the orc warrior, but do no damage.
The orc warrior is moderately wounded.
You hit the orc.
You kill the orc!
The orc wizard points at you and mumbles some strange words.
The magic dart hits you!
The orc warrior hits you with a battleaxe of freezing!
* * * LOW HITPOINT WARNING * * *
The orc warrior freezes you.
* * * LOW HITPOINT WARNING * * *
Your shield and plate armour of Roum Rimy prevent you from hitting the orc warrior.
You headbutt the orc warrior, but do no damage.
The orc warrior is moderately wounded.
The orc wizard points at you and mumbles some strange words.
The magic dart hits you!
* * * LOW HITPOINT WARNING * * *
The orc warrior hits you with a battleaxe of freezing!
You die...

#.#.#.#...#
#.#.#.#.#..
##.#.......#
#...<..#....
#...........
#..#.#.....
#####.#)..#.#..
#<...>o@)......
#.#####.###.#.#
#.# #o.. #.#
#..... #.#
#.##### #.# #.#
#.# #.. #.# ###


You could see an orc warrior and an orc wizard.

Vanquished Creatures
  The ghost of slumpy the Ogre Mage, a novice OgFE of Okawaru (D:5)
  Menkaure (Ossuary)
  A sky beast (D:5)
  An orc warrior (D:6)
  A centaur (D:3)
  A bullfrog (D:6)
  A crimson imp (D:6)
  A howler monkey (D:5)
  A quasit (D:6)
  4 hounds
  A jelly (D:3)
  Crazy Yiuf (D:5)
  An orc wizard (D:7)
  A worker ant (D:5)
  2 hound skeletons
  3 mummies (Ossuary)
  6 gnolls
  6 adders
  An adder skeleton (D:4)
  An adder zombie (D:6)
  5 dart slugs (D:1)
  4 worms
  6 leopard geckos
  2 orcs
  5 giant cockroaches
  9 goblins
  5 hobgoblins
  8 jackals
  6 kobolds
  4 ball pythons
  12 bats
  7 frilled lizards
  A gnoll skeleton (Ossuary)
  3 goblin skeletons (Ossuary)
  4 goblin zombies (Ossuary)
  A hobgoblin skeleton (Ossuary)
  A hobgoblin zombie (Ossuary)
  A jackal skeleton (D:4)
  2 kobold skeletons (Ossuary)
  A kobold zombie (Ossuary)
  2 orc skeletons (Ossuary)
  2 orc zombies (Ossuary)
  7 rats
  2 rat zombies (Ossuary)
136 creatures vanquished.

Vanquished Creatures (others)
  4 gnoll skeletons (Ossuary)
  2 goblin skeletons (Ossuary)
  4 goblin zombies (Ossuary)
  5 hobgoblin skeletons (Ossuary)
  3 hobgoblin zombies (Ossuary)
  A kobold skeleton (Ossuary)
  3 kobold zombies (Ossuary)
  An orc skeleton (Ossuary)
  An orc zombie (Ossuary)
  3 rat skeletons (Ossuary)
  4 rat zombies (Ossuary)
31 creatures vanquished.

Grand Total: 167 creatures vanquished

Notes
Turn   | Place    | Note
-------+----------+-------------------------------------------
     0 | D:1      | kae the Minotaur Fighter began the quest for the Orb.
     0 | D:1      | Reached XP level 1. HP: 19/19 MP: 0/0
    88 | D:1      | Reached skill level 3 in Axes
    88 | D:1      | Reached XP level 2. HP: 27/27 MP: 1/1
   289 | D:1      | Reached XP level 3. HP: 33/33 MP: 2/2
   597 | D:2      | Reached skill level 4 in Axes
   612 | D:2      | Reached XP level 4. HP: 34/40 MP: 3/3
  1141 | D:3      | Reached XP level 5. HP: 9/47 MP: 4/4
  1374 | D:3      | Reached skill level 5 in Axes
  1412 | D:3      | Noticed a centaur
  1419 | D:3      | Killed a centaur
  1796 | D:3      | Reached skill level 5 in Armour
  2235 | D:4      | Reached skill level 5 in Fighting
  2239 | D:4      | Reached XP level 6. HP: 29/56 MP: 5/5
  2488 | D:4      | Found a sand-covered staircase.
  2493 | Ossuary  | Entered an ossuary
  2914 | Ossuary  | Noticed Menkaure
  2920 | Ossuary  | Killed Menkaure
  2920 | Ossuary  | Reached skill level 6 in Axes
  3596 | D:5      | Entered Level 5 of the Dungeon
  3639 | D:5      | Noticed a sky beast
  3646 | D:5      | Killed a sky beast
  3671 | D:5      | Noticed slumpy's ghost (novice OgFE)
  3710 | D:5      | Killed slumpy's ghost
  3710 | D:5      | Reached skill level 8 in Axes
  3710 | D:5      | Reached XP level 7. HP: 15/64 MP: 6/6
  3951 | D:5      | Reached XP level 8. HP: 64/71 MP: 7/7
  4405 | D:5      | Found a runed door.
  4657 | D:5      | Noticed Crazy Yiuf
  4663 | D:5      | Killed Crazy Yiuf
  5061 | D:5      | Noticed a rust devil
  5061 | D:5      | Noticed a rust devil
  5069 | D:6      | Reached skill level 9 in Axes
  6122 | D:6      | Got a bloodstained plate armour
  6133 | D:6      | Identified the cursed +0 plate armour of Roum Rimy {rF+ MR+ Dex-3} (You took it off an orc warrior on level 6 of the Dungeon)
  6159 | D:7      | Slain by an orc warrior

Vault maps used:
D:1:      minmay_arrival_open_corners, minmay_misc_feat_chi
D:2:      minmay_tetromino_s4
D:3:      serial_aquarium, aquarium_bridge_island_small, aquarium_window_corner,
          aquarium_window_corner, aquarium_view_2c, aquarium_view_2a,
          kennysheep_generic_room_7
D:4:      first_bread, enter_ossuary_2, minmay_misc_feat_roman
D:5:      cheibrodos_iron_armory, uniq_crazy_yiuf_cottage, uniq_menkaure
D:7:      minmay_temple_entry_trees, the_bakery, kennysheep_generic_room_12
Ossuary:  ossuary_due_pyramid

Skill      XL: |  1  2  3  4  5  6  7  8 |
---------------+-------------------------+-----
Axes           | 3 4 5 8 9 |  9.3
Armour         | 4 5 6 7 |  7.3
Fighting       | 4 5 6 7 |  7.3
Shields        | |  3.6

Action                   |  1- 3 |  4- 6 |  7- 9 || total
-------------------------+-------+-------+-------++-------
Melee: War axe           |    65 |   194 |    74 ||   333
       Headbutt          |     7 |    19 |    13 ||    39
  Use: Potion            |       |     4 |     2 ||     6
       Scroll            |       |    13 |     7 ||    20
  Eat: Chunk             |       |     6 |     8 ||    14
       Royal jelly       |       |     1 |       ||     1
Armor: Scale mail        |    28 |    54 |    22 ||   104
       Skin              |       |    17 |       ||    17
       Plate armour      |       |       |     6 ||     6
Dodge: Dodged            |    28 |    40 |    30 ||    98
Block: Shield            |    33 |    96 |    32 ||   161
